Thrashers vs Rangers

Created - February 4 2008 at 18:43

Goals
1 2 3 T
Thrashers 3 1 0 4
Rangers 0 1 2 3
Shots
1 2 3 T
Thrashers 12 12 4 28
Rangers 7 14 4 25

Period #1

1. Thrashers , Keith Tkachuk 21 (Brett Clark, Wade Redden) at 2:49
2. Thrashers , Keith Tkachuk 22 (Brett Clark, Brendan Shanahan) at 15:32
3. Thrashers , Keith Tkachuk 23 (Brendan Shanahan, Brett Clark) at 19:50

Penalties :
Radek Martinek (ATL) for Holding Stick (Minor) at 8:19

Period #2

4. Rangers , Kyle Wellwood 10 (Joe Pavelski) at 4:39
5. Thrashers , Dan Boyle 9 (Marc Savard, Mike Komisarek) at 5:58

Penalties :
Darius Kasparaitis (NYR) for Hooking (Minor) at 1:33, Wade Redden (ATL) for Hooking (Minor) at 6:02, Brett Clark (ATL) for Hooking (Minor) at 7:13, Frederick Meyer Iv (NYR) for Interference (Minor) at 12:54, Mike Komisarek (ATL) for Interference (Minor) at 19:15

Period #3

6. Rangers , Brad Richards 17 (Sergei Samsonov, Mattias Ohlund) at 1:01 (PP)
7. Rangers , Sergei Samsonov 7 (Brad Richards, Darius Kasparaitis) at 6:21

Penalties :
Joe Pavelski (NYR) for High sticking (Minor) at 10:49, Jay Mckee (NYR) for Tripping (Minor) at 13:47

Goalie Stats

Henrik Lundqvist (ATL), 22 saves from 25 shots - (0.880), W, 40-13-3, 60:00 minutes
Ray Emery (NYR), 24 saves from 28 shots - (0.857), L, 20-27-5, 59:03 minutes

Players Stats

Thrashers
Player Name              G  A  P  +/- PIM S  H  SB FO MP 
-----------------------------------------------------------
Alexander Frolov         0  0  0   3  0   1  0  0  2  20 
Andy Sutton              0  0  0  -1  0   0  0  1  0  10 
Brad Boyes               0  0  0   1  0   0  0  0  0  14 
Brendan Shanahan         0  2  2   3  0   1  0  0  3  21 
Brett Clark              0  3  3   3  2   2  1  0  0  22 
Chris Kelly              0  0  0  -1  0   1  0  1  17 13 
Dan Boyle                1  0  1   1  0   3  0  0  0  14 
Dany Heatley             0  0  0   0  0   4  4  0  1  21 
David Backes             0  0  0   0  0   5  0  1  1  10 
Greg De Vries            0  0  0  -1  0   0  0  0  0  18 
Jay Mcclement            0  0  0  -1  0   0  0  0  19 18 
Keith Tkachuk            3  0  3   3  0   8  2  0  19 21 
Kyle Calder              0  0  0  -1  0   0  0  0  3  12 
Marc Savard              0  1  1   0  0   2  2  0  14 18 
Mike Komisarek           0  1  1   0  2   0  3  0  0  23 
Radek Martinek           0  0  0  -1  2   0  2  0  0  18 
Scottie Upshall          0  0  0  -1  0   0  0  0  1  15 
Wade Redden              0  1  1   3  2   1  1  2  0  22 
Rangers
Player Name              G  A  P  +/- PIM S  H  SB FO MP 
-----------------------------------------------------------
Ales Kotalik             0  0  0   0  0   0  0  0  0  2  
Brad Richards            1  1  2   1  0   1  1  0  7  18 
Brad Stuart              0  0  0  -1  0   1  0  0  0  6  
Brett Lebda              0  0  0   0  0   0  1  1  0  24 
Dan Cleary               0  0  0  -1  0   2  1  0  0  9  
Darius Kasparaitis       0  1  1  -2  2   0  2  1  0  22 
Frederick Meyer Iv       0  0  0  -2  2   1  2  0  0  24 
Jan Bulis                0  0  0  -3  0   0  1  0  2  21 
Jay Mckee                0  0  0   1  2   0  2  0  0  22 
Jeff Halpern             0  0  0   1  0   3  1  1  17 17 
Joe Pavelski             0  1  1   0  2   0  1  0  20 23 
Kyle Wellwood            1  0  1   1  0   3  0  0  2  23 
Lee Stempniak            0  0  0  -3  0   3  1  0  1  21 
Mattias Ohlund           0  1  1   0  0   3  1  1  0  20 
Nikolai Zherdev          0  0  0  -3  0   0  0  0  25 24 
Peter Schaefer           0  0  0   0  0   0  0  0  0  0  
Sergei Samsonov          1  1  2   1  0   6  1  0  2  22 
Tyler Arnason            0  0  0   0  0   2  0  0  4  12 

3 Stars

1 - Keith Tkachuk (ATL)
2 - Brett Clark (ATL)
3 - Brad Richards (NYR)

Power Play

Thrashers - 0 on 4 Attempt(s) - 0.00%
Rangers - 1 on 4 Attempt(s) - 25.00%

Penalty Kill

Thrashers - 3 on 4 Attempt(s) - 75.00% - Score 0 goal in Penalty Kill
Rangers - 4 on 4 Attempt(s) - 100.00% - Score 0 goal in Penalty Kill

Game Notes

Keith Tkachuk has scored a Hat Trick!
David Backes is injured at 15:51 of 2nd period (Dislocated Patella)

Finance

Level 1 -- Attendance: 3719 (59.98%) -- Ticket Income $371,900.00
Level 2 -- Attendance: 2481 (49.62%) -- Ticket Income $173,670.00
Level 3 -- Attendance: 742 (37.10%) -- Ticket Income $40,810.00
Level 4 -- Attendance: 1808 (45.20%) -- Ticket Income $54,240.00
Luxury Box -- Attendance: 603 (60.30%) -- Ticket Income $120,600.00
Game was played at the Madison Square Garden
Total Attendance: 9353 (51.39%)
Total Ticket Income: $835,996.30
Other Income: $121,888.20
Total Income: $957,884.00


Play by Play

Period #1

0:01 of 1st period - Joe Pavelski wins face-off versus Keith Tkachuk in neutral zone.
0:37 of 1st period - Kyle Wellwood is hit by Wade Redden and loses puck.
1:19 of 1st period - Shot by Brad Boyes.
1:19 of 1st period - Shot Misses the Net.
2:19 of 1st period - Shot by Scottie Upshall.
2:19 of 1st period - Shot Misses the Net.
2:23 of 1st period - Shot by Jay Mcclement.
2:23 of 1st period - Shot Misses the Net.
2:49 of 1st period - Shot by Keith Tkachuk.
2:49 of 1st period - Goal by Keith Tkachuk - Thrashers : 1 - Rangers : 0.
2:50 of 1st period - Brad Richards wins face-off versus Chris Kelly in neutral zone.
2:50 of 1st period - Mattias Ohlund is hit by Dany Heatley and loses puck.
3:00 of 1st period - Tyler Arnason is hit by Dany Heatley and loses puck.
3:13 of 1st period - Shot by Tyler Arnason.
3:13 of 1st period - Stopped by Henrik Lundqvist without a rebound.
3:14 of 1st period - Keith Tkachuk wins face-off versus Brad Richards in Thrashers zone.
3:14 of 1st period - Keith Tkachuk is hit by Dan Cleary.
3:26 of 1st period - Shot by Keith Tkachuk.
3:26 of 1st period - Stopped by Ray Emery without a rebound.
3:27 of 1st period - Keith Tkachuk wins face-off versus Jeff Halpern in Rangers zone.
3:33 of 1st period - Icing by Frederick Meyer Iv.
3:34 of 1st period - Jeff Halpern wins face-off versus Jay Mcclement in Rangers zone.
3:52 of 1st period - Off-side.
3:53 of 1st period - Keith Tkachuk wins face-off versus Nikolai Zherdev in neutral zone.
5:24 of 1st period - Icing by Darius Kasparaitis.
5:25 of 1st period - Jay Mcclement wins face-off versus Nikolai Zherdev in Rangers zone.
5:58 of 1st period - Shot by David Backes.
5:58 of 1st period - Stopped by Ray Emery without a rebound.
5:59 of 1st period - Keith Tkachuk wins face-off versus Joe Pavelski in Rangers zone.
7:05 of 1st period - Dan Boyle is hit by Brett Lebda and loses puck.
7:22 of 1st period - Dany Heatley is hit by Frederick Meyer Iv.
7:37 of 1st period - Icing by Dan Cleary.
7:38 of 1st period - Brad Richards wins face-off versus Jay Mcclement in Rangers zone.
8:01 of 1st period - Greg De Vries is hit by Sergei Samsonov and loses puck.
8:19 of 1st period - Minor Penalty to Radek Martinek for Holding Stick.
8:20 of 1st period - Jeff Halpern wins face-off versus Kyle Calder in Thrashers zone.
8:35 of 1st period - Shot by Dan Cleary.
8:35 of 1st period - Stopped by Henrik Lundqvist with a rebound.
8:37 of 1st period - Shot by Brad Richards.
8:37 of 1st period - Shot Blocked by Wade Redden.
8:39 of 1st period - Shot by Brad Stuart.
8:39 of 1st period - Stopped by Henrik Lundqvist without a rebound.
8:40 of 1st period - Joe Pavelski wins face-off versus Jay Mcclement in Thrashers zone.
10:19 of 1st period - Shot by Tyler Arnason.
10:19 of 1st period - Deflect By Lee Stempniak.
10:19 of 1st period - Stopped by Henrik Lundqvist with a rebound.
10:29 of 1st period - Shot by Brad Boyes.
10:29 of 1st period - Shot Misses the Net.
10:31 of 1st period - Shot by Dan Boyle.
10:31 of 1st period - Stopped by Ray Emery without a rebound.
10:32 of 1st period - Jay Mcclement wins face-off versus Tyler Arnason in Rangers zone.
11:03 of 1st period - Icing by Greg De Vries.
11:04 of 1st period - Jay Mcclement wins face-off versus Nikolai Zherdev in Thrashers zone.
11:26 of 1st period - Shot by Lee Stempniak.
11:26 of 1st period - Shot Misses the Net.
11:28 of 1st period - Shot by Mattias Ohlund.
11:28 of 1st period - Stopped by Henrik Lundqvist without a rebound.
11:29 of 1st period - Brendan Shanahan wins face-off versus Jeff Halpern in Thrashers zone.
11:29 of 1st period - Brendan Shanahan is hit by Jeff Halpern.
12:53 of 1st period - Shot by Dany Heatley.
12:53 of 1st period - Stopped by Ray Emery without a rebound.
12:54 of 1st period - Jeff Halpern wins face-off versus Chris Kelly in Rangers zone.
13:08 of 1st period - Kyle Wellwood is hit by Mike Komisarek and loses puck.
13:17 of 1st period - Shot by Kyle Wellwood.
13:17 of 1st period - Shot Misses the Net.
13:21 of 1st period - Shot by Jeff Halpern.
13:21 of 1st period - Shot Misses the Net.
13:23 of 1st period - Shot by Jeff Halpern.
13:23 of 1st period - Stopped by Henrik Lundqvist with a rebound.
15:24 of 1st period - Shot by Keith Tkachuk.
15:24 of 1st period - Shot Misses the Net.
15:26 of 1st period - Shot by Brendan Shanahan.
15:26 of 1st period - Shot Misses the Net.
15:28 of 1st period - Shot by Brendan Shanahan.
15:28 of 1st period - Shot Misses the Net.
15:32 of 1st period - Shot by Keith Tkachuk.
15:32 of 1st period - Goal by Keith Tkachuk - Thrashers : 2 - Rangers : 0.
15:33 of 1st period - Marc Savard wins face-off versus Nikolai Zherdev in neutral zone.
16:04 of 1st period - Icing by Andy Sutton.
16:05 of 1st period - Marc Savard wins face-off versus Tyler Arnason in Thrashers zone.
17:00 of 1st period - Keith Tkachuk is hit by Brad Richards and loses puck.
17:21 of 1st period - Shot by Marc Savard.
17:21 of 1st period - Stopped by Ray Emery without a rebound.
17:22 of 1st period - Chris Kelly wins face-off versus Nikolai Zherdev in Rangers zone.
17:29 of 1st period - Shot by Kyle Calder.
17:29 of 1st period - Deflect By Dany Heatley.
17:29 of 1st period - Shot Blocked by Mattias Ohlund.
17:31 of 1st period - Shot by Chris Kelly.
17:31 of 1st period - Stopped by Ray Emery without a rebound.
17:32 of 1st period - Marc Savard wins face-off versus Jeff Halpern in Rangers zone.
17:58 of 1st period - Shot by Marc Savard.
17:58 of 1st period - Stopped by Ray Emery without a rebound.
17:59 of 1st period - Keith Tkachuk wins face-off versus Nikolai Zherdev in Rangers zone.
18:17 of 1st period - Shot by Alexander Frolov.
18:17 of 1st period - Shot Blocked by Brett Lebda.
18:23 of 1st period - Shot by Keith Tkachuk.
18:23 of 1st period - Stopped by Ray Emery without a rebound.
18:24 of 1st period - Jay Mcclement wins face-off versus Jeff Halpern in Rangers zone.
18:47 of 1st period - Shot by David Backes.
18:47 of 1st period - Stopped by Ray Emery without a rebound.
18:48 of 1st period - Kyle Calder wins face-off versus Nikolai Zherdev in Rangers zone.
19:09 of 1st period - Shot by Lee Stempniak.
19:09 of 1st period - Stopped by Henrik Lundqvist without a rebound.
19:10 of 1st period - Keith Tkachuk wins face-off versus Joe Pavelski in Thrashers zone.
19:28 of 1st period - Kyle Wellwood is hit by Brett Clark and loses puck.
19:36 of 1st period - Shot by Joe Pavelski.
19:36 of 1st period - Shot Hit the Post.
19:38 of 1st period - Shot by Jay Mckee.
19:38 of 1st period - Shot Blocked by Wade Redden.
19:50 of 1st period - Shot by Keith Tkachuk.
19:50 of 1st period - Goal by Keith Tkachuk - Thrashers : 3 - Rangers : 0.
19:51 of 1st period - Brad Richards wins face-off versus Dany Heatley in neutral zone.

Period #2

0:01 of 2nd period - Joe Pavelski wins face-off versus Keith Tkachuk in neutral zone.
0:20 of 2nd period - Shot by Keith Tkachuk.
0:20 of 2nd period - Stopped by Ray Emery with a rebound.
0:22 of 2nd period - Shot by Brendan Shanahan.
0:22 of 2nd period - Stopped by Ray Emery without a rebound.
0:23 of 2nd period - Marc Savard wins face-off versus Nikolai Zherdev in Rangers zone.
0:52 of 2nd period - Shot by Lee Stempniak.
0:52 of 2nd period - Shot Misses the Net.
1:33 of 2nd period - Minor Penalty to Darius Kasparaitis for Hooking.
1:34 of 2nd period - Joe Pavelski wins face-off versus Marc Savard in Rangers zone.
2:32 of 2nd period - Shot by Brett Clark.
2:32 of 2nd period - Stopped by Ray Emery without a rebound.
2:33 of 2nd period - Brendan Shanahan wins face-off versus Jeff Halpern in Rangers zone.
4:15 of 2nd period - Icing by Jan Bulis.
4:16 of 2nd period - Chris Kelly wins face-off versus Nikolai Zherdev in Rangers zone.
4:21 of 2nd period - Shot by Dany Heatley.
4:21 of 2nd period - Stopped by Ray Emery without a rebound.
4:22 of 2nd period - Joe Pavelski wins face-off versus Keith Tkachuk in Rangers zone.
4:37 of 2nd period - Shot by Sergei Samsonov.
4:37 of 2nd period - Stopped by Henrik Lundqvist without a rebound.
4:38 of 2nd period - Joe Pavelski wins face-off versus Chris Kelly in Thrashers zone.
4:39 of 2nd period - Shot by Kyle Wellwood.
4:39 of 2nd period - Goal by Kyle Wellwood - Thrashers : 3 - Rangers : 1.
4:40 of 2nd period - Kyle Wellwood wins face-off versus Chris Kelly in neutral zone.
4:51 of 2nd period - Shot by Dany Heatley.
4:51 of 2nd period - Stopped by Ray Emery without a rebound.
4:52 of 2nd period - Jeff Halpern wins face-off versus Keith Tkachuk in Rangers zone.
4:57 of 2nd period - Shot by Jeff Halpern.
4:57 of 2nd period - Stopped by Henrik Lundqvist without a rebound.
4:58 of 2nd period - Jay Mcclement wins face-off versus Joe Pavelski in Thrashers zone.
5:32 of 2nd period - Shot by David Backes.
5:32 of 2nd period - Stopped by Ray Emery without a rebound.
5:33 of 2nd period - Nikolai Zherdev wins face-off versus Alexander Frolov in Rangers zone.
5:44 of 2nd period - Shot by Keith Tkachuk.
5:44 of 2nd period - Stopped by Ray Emery without a rebound.
5:45 of 2nd period - Marc Savard wins face-off versus Nikolai Zherdev in Rangers zone.
5:46 of 2nd period - Shot by Dan Boyle.
5:46 of 2nd period - Shot Misses the Net.
5:51 of 2nd period - Marc Savard is hit by Frederick Meyer Iv and loses puck.
5:56 of 2nd period - Shot by Marc Savard.
5:56 of 2nd period - Shot Misses the Net.
5:58 of 2nd period - Shot by Dan Boyle.
5:58 of 2nd period - Goal by Dan Boyle - Thrashers : 4 - Rangers : 1.
5:59 of 2nd period - Nikolai Zherdev wins face-off versus Keith Tkachuk in neutral zone.
5:59 of 2nd period - Nikolai Zherdev is hit by Keith Tkachuk.
6:02 of 2nd period - Minor Penalty to Wade Redden for Hooking.
6:03 of 2nd period - Jeff Halpern wins face-off versus Jay Mcclement in Thrashers zone.
6:08 of 2nd period - Shot by Joe Pavelski.
6:08 of 2nd period - Deflect By Kyle Wellwood.
6:08 of 2nd period - Stopped by Henrik Lundqvist with a rebound.
6:20 of 2nd period - Shot by Mattias Ohlund.
6:20 of 2nd period - Stopped by Henrik Lundqvist without a rebound.
6:21 of 2nd period - Joe Pavelski wins face-off versus Chris Kelly in Thrashers zone.
6:42 of 2nd period - Nikolai Zherdev is hit by Mike Komisarek and loses puck.
7:11 of 2nd period - Shot by Jeff Halpern.
7:11 of 2nd period - Stopped by Henrik Lundqvist without a rebound.
7:12 of 2nd period - Jeff Halpern wins face-off versus Jay Mcclement in Thrashers zone.
7:13 of 2nd period - Shot by Sergei Samsonov.
7:13 of 2nd period - Stopped by Henrik Lundqvist without a rebound.
7:13 of 2nd period - Minor Penalty to Brett Clark for Hooking.
7:14 of 2nd period - Brad Richards wins face-off versus Jay Mcclement in Thrashers zone.
7:21 of 2nd period - Shot by Mattias Ohlund.
7:21 of 2nd period - Stopped by Henrik Lundqvist without a rebound.
7:22 of 2nd period - Chris Kelly wins face-off versus Jeff Halpern in Thrashers zone.
7:33 of 2nd period - Shot by Brett Lebda.
7:33 of 2nd period - Shot Blocked by Andy Sutton.
7:49 of 2nd period - Shot by Kyle Wellwood.
7:49 of 2nd period - Shot Blocked by Chris Kelly.
8:38 of 2nd period - Shot by Nikolai Zherdev.
8:38 of 2nd period - Deflect By Sergei Samsonov.
8:38 of 2nd period - Stopped by Henrik Lundqvist without a rebound.
8:39 of 2nd period - Jay Mcclement wins face-off versus Sergei Samsonov in Thrashers zone.
8:48 of 2nd period - Shot by Frederick Meyer Iv.
8:48 of 2nd period - Stopped by Henrik Lundqvist without a rebound.
8:49 of 2nd period - Jay Mcclement wins face-off versus Sergei Samsonov in Thrashers zone.
9:34 of 2nd period - Shot by Lee Stempniak.
9:34 of 2nd period - Stopped by Henrik Lundqvist without a rebound.
9:35 of 2nd period - Joe Pavelski wins face-off versus Chris Kelly in Thrashers zone.
9:50 of 2nd period - Shot by Kyle Wellwood.
9:50 of 2nd period - Deflect By Tyler Arnason.
9:50 of 2nd period - Stopped by Henrik Lundqvist without a rebound.
9:51 of 2nd period - Jan Bulis wins face-off versus Keith Tkachuk in Thrashers zone.
9:55 of 2nd period - Icing by Wade Redden.
9:56 of 2nd period - Keith Tkachuk wins face-off versus Joe Pavelski in Thrashers zone.
9:56 of 2nd period - Keith Tkachuk is hit by Joe Pavelski.
10:07 of 2nd period - Wade Redden is hit by Jay Mckee and loses puck.
11:02 of 2nd period - Icing by Radek Martinek.
11:03 of 2nd period - David Backes wins face-off versus Nikolai Zherdev in Thrashers zone.
11:11 of 2nd period - Radek Martinek is hit by Lee Stempniak and loses puck.
11:22 of 2nd period - Shot by David Backes.
11:22 of 2nd period - Stopped by Ray Emery without a rebound.
11:23 of 2nd period - Nikolai Zherdev wins face-off versus Marc Savard in Rangers zone.
12:33 of 2nd period - Icing by Mike Komisarek.
12:34 of 2nd period - Marc Savard wins face-off versus Nikolai Zherdev in Thrashers zone.
12:53 of 2nd period - Shot by Keith Tkachuk.
12:53 of 2nd period - Shot Misses the Net.
12:54 of 2nd period - Minor Penalty to Frederick Meyer Iv for Interference.
12:55 of 2nd period - Tyler Arnason wins face-off versus Keith Tkachuk in Rangers zone.
12:55 of 2nd period - Tyler Arnason is hit by Keith Tkachuk.
14:08 of 2nd period - Shot by Dan Boyle.
14:08 of 2nd period - Shot Misses the Net.
14:12 of 2nd period - Shot by Dany Heatley.
14:12 of 2nd period - Stopped by Ray Emery without a rebound.
14:13 of 2nd period - Tyler Arnason wins face-off versus Marc Savard in Rangers zone.
14:35 of 2nd period - Mattias Ohlund is hit by Marc Savard and loses puck.
14:59 of 2nd period - Off-side.
15:00 of 2nd period - Jay Mcclement wins face-off versus Nikolai Zherdev in neutral zone.
15:09 of 2nd period - Shot by Jay Mcclement.
15:09 of 2nd period - Shot Misses the Net.
15:13 of 2nd period - Shot by David Backes.
15:13 of 2nd period - Stopped by Ray Emery without a rebound.
15:14 of 2nd period - Chris Kelly wins face-off versus Joe Pavelski in Rangers zone.
15:43 of 2nd period - Shot by Sergei Samsonov.
15:43 of 2nd period - Stopped by Henrik Lundqvist without a rebound.
15:44 of 2nd period - Nikolai Zherdev wins face-off versus Scottie Upshall in Thrashers zone.
15:51 of 2nd period - Shot by Nikolai Zherdev.
15:51 of 2nd period - Deflect By Lee Stempniak.
15:51 of 2nd period - Shot Blocked by David Backes.
15:51 of 2nd period - David Backes from Thrashers is injured at 15:51 of 2nd period (Dislocated Patella).
15:52 of 2nd period - Keith Tkachuk wins face-off versus Nikolai Zherdev in Thrashers zone.
15:57 of 2nd period - Shot by Keith Tkachuk.
15:57 of 2nd period - Stopped by Ray Emery without a rebound.
15:58 of 2nd period - Jay Mcclement wins face-off versus Nikolai Zherdev in Rangers zone.
15:58 of 2nd period - Jay Mcclement is hit by Darius Kasparaitis.
16:02 of 2nd period - Shot by Keith Tkachuk.
16:02 of 2nd period - Deflect By Jay Mcclement.
16:02 of 2nd period - Shot Misses the Net.
16:15 of 2nd period - Off-side.
16:16 of 2nd period - Joe Pavelski wins face-off versus Marc Savard in neutral zone.
16:55 of 2nd period - Shot by Dany Heatley.
16:55 of 2nd period - Shot Misses the Net.
17:35 of 2nd period - Shot by Brett Clark.
17:35 of 2nd period - Shot Blocked by Darius Kasparaitis.
18:42 of 2nd period - Shot by Brad Richards.
18:42 of 2nd period - Shot Misses the Net.
18:44 of 2nd period - Shot by Sergei Samsonov.
18:44 of 2nd period - Stopped by Henrik Lundqvist without a rebound.
18:45 of 2nd period - Chris Kelly wins face-off versus Joe Pavelski in Thrashers zone.
18:57 of 2nd period - Mattias Ohlund is hit by Mike Komisarek and loses puck.
19:15 of 2nd period - Minor Penalty to Mike Komisarek for Interference.
19:16 of 2nd period - Jay Mcclement wins face-off versus Jeff Halpern in Thrashers zone.

Period #3

0:01 of 3rd period - Joe Pavelski wins face-off versus Chris Kelly in neutral zone.
0:55 of 3rd period - Shot by Mattias Ohlund.
0:55 of 3rd period - Shot Misses the Net.
0:57 of 3rd period - Shot by Brad Richards.
0:57 of 3rd period - Deflect By Sergei Samsonov.
0:57 of 3rd period - Shot Misses the Net.
1:01 of 3rd period - Shot by Brad Richards.
1:01 of 3rd period - Goal by Brad Richards - Thrashers : 4 - Rangers : 2.
1:02 of 3rd period - Marc Savard wins face-off versus Nikolai Zherdev in neutral zone.
3:32 of 3rd period - Brendan Shanahan is hit by Mattias Ohlund and loses puck.
4:07 of 3rd period - Shot by Jay Mcclement.
4:07 of 3rd period - Shot Misses the Net.
4:11 of 3rd period - Shot by Scottie Upshall.
4:11 of 3rd period - Deflect By Jay Mcclement.
4:11 of 3rd period - Shot Misses the Net.
4:54 of 3rd period - Icing by Mike Komisarek.
4:55 of 3rd period - Jan Bulis wins face-off versus Chris Kelly in Thrashers zone.
5:35 of 3rd period - Icing by Alexander Frolov.
5:36 of 3rd period - Keith Tkachuk wins face-off versus Joe Pavelski in Thrashers zone.
6:19 of 3rd period - Shot by Brad Richards.
6:19 of 3rd period - Shot Misses the Net.
6:21 of 3rd period - Shot by Sergei Samsonov.
6:21 of 3rd period - Goal by Sergei Samsonov - Thrashers : 4 - Rangers : 3.
6:22 of 3rd period - Joe Pavelski wins face-off versus Kyle Calder in neutral zone.
6:22 of 3rd period - Joe Pavelski is hit by Dany Heatley.
6:32 of 3rd period - Off-side.
6:33 of 3rd period - Nikolai Zherdev wins face-off versus Chris Kelly in neutral zone.
7:20 of 3rd period - Shot by Alexander Frolov.
7:20 of 3rd period - Shot Blocked by Jeff Halpern.
8:15 of 3rd period - Shot by Tyler Arnason.
8:15 of 3rd period - Shot Misses the Net.
8:40 of 3rd period - Icing by Brett Lebda.
8:41 of 3rd period - Chris Kelly wins face-off versus Kyle Wellwood in Rangers zone.
9:25 of 3rd period - Icing by Jeff Halpern.
9:26 of 3rd period - Keith Tkachuk wins face-off versus Jeff Halpern in Rangers zone.
10:49 of 3rd period - Minor Penalty to Joe Pavelski for High sticking.
10:50 of 3rd period - Brad Richards wins face-off versus Brendan Shanahan in Thrashers zone.
10:59 of 3rd period - Shot by Dan Boyle.
10:59 of 3rd period - Shot Misses the Net.
11:01 of 3rd period - Shot by Brett Clark.
11:01 of 3rd period - Stopped by Ray Emery without a rebound.
11:02 of 3rd period - Nikolai Zherdev wins face-off versus Alexander Frolov in Rangers zone.
11:02 of 3rd period - Nikolai Zherdev is hit by Dany Heatley.
12:29 of 3rd period - Shot by Alexander Frolov.
12:29 of 3rd period - Stopped by Ray Emery without a rebound.
12:30 of 3rd period - Keith Tkachuk wins face-off versus Jeff Halpern in Rangers zone.
12:45 of 3rd period - Shot by Dan Boyle.
12:45 of 3rd period - Stopped by Ray Emery without a rebound.
12:46 of 3rd period - Marc Savard wins face-off versus Nikolai Zherdev in Rangers zone.
13:30 of 3rd period - Off-side.
13:31 of 3rd period - Joe Pavelski wins face-off versus Chris Kelly in neutral zone.
13:40 of 3rd period - Shot by Kyle Wellwood.
13:40 of 3rd period - Stopped by Henrik Lundqvist with a rebound.
13:47 of 3rd period - Minor Penalty to Jay Mckee for Tripping.
13:48 of 3rd period - Jeff Halpern wins face-off versus Marc Savard in Rangers zone.
14:09 of 3rd period - Off-side.
14:10 of 3rd period - Joe Pavelski wins face-off versus Keith Tkachuk in neutral zone.
15:10 of 3rd period - Shot by Wade Redden.
15:10 of 3rd period - Stopped by Ray Emery without a rebound.
15:11 of 3rd period - Jeff Halpern wins face-off versus Marc Savard in Rangers zone.
15:11 of 3rd period - Jeff Halpern is hit by Marc Savard.
16:06 of 3rd period - Icing by Radek Martinek.
16:07 of 3rd period - Lee Stempniak wins face-off versus Jay Mcclement in Thrashers zone.
16:07 of 3rd period - Frederick Meyer Iv is hit by Radek Martinek.
16:18 of 3rd period - Jan Bulis is hit by Radek Martinek and loses puck.
17:46 of 3rd period - Shot by Keith Tkachuk.
17:46 of 3rd period - Shot Misses the Net.
18:25 of 3rd period - Off-side.
18:26 of 3rd period - Jay Mcclement wins face-off versus Nikolai Zherdev in neutral zone.
18:28 of 3rd period - Dany Heatley is hit by Darius Kasparaitis and loses puck.
18:39 of 3rd period - Icing by Dany Heatley.
18:40 of 3rd period - Jay Mcclement wins face-off versus Nikolai Zherdev in Thrashers zone.
18:40 of 3rd period - Jay Mcclement is hit by Jan Bulis.
19:03 of 3rd period - Rangers, Ray Emery is pulled from the net.
19:29 of 3rd period - Shot by Dan Cleary.
19:29 of 3rd period - Stopped by Henrik Lundqvist without a rebound.
19:30 of 3rd period - Brad Richards wins face-off versus Chris Kelly in Thrashers zone.
19:50 of 3rd period - Keith Tkachuk is hit by Jay Mckee.


Output by the SimonT Hockey Simulator (STHS) for Stephane Roy -- Original Page W3C XHTML 1.0 Valid